 Dungeon Crawl Stone Soup version 0.31.0-32-g396128a36d (webtiles) character file.

Game seed: 12391105630159001831

5931 TacoSundae the Grappler (level 10, -5/51 HPs)
             Began as a Vine Stalker Shapeshifter on Apr 11, 2024.
             Was a Believer of Dithmenos.
             Killed from afar by an acid dragon (11 damage)
             ... with a splash of acid
             ... on level 10 of the Dungeon.
             The game lasted 00:18:14 (5836 turns).

TacoSundae the Grappler (Vine Stalker Shapeshifter) Turns: 5836, Time: 00:18:15

Health: -5/51      AC:  5    Str: 21    XL:     10   Next: 83%
Magic:  0/11       EV: 13    Int:  6    God:    Dithmenos [**....]
Gold:   561        SH:  5    Dex: 14    Spells: 9/9 levels left

rFire   . . .        b - +8 trident of the Octopus King {venom, rElec rPois}
rCold   + . .        (no shield)
rNeg    + . .        z - +3 leather armour {rC+}
rPois   +            (no helmet)
rElec   +            D - +0 cloak
rCorr   .            (no gloves)
SInv    .            m - +1 pair of boots of Failure {rN+ Int-4 Slay+5}
Will    +....        n - amulet of reflection
Stlth   +            (no ring)
HPRegen 1.08/turn    (no ring)
MPRegen 0.12/turn

%: reflection, guardian spirit
@: lethally poisoned (-5 -> -6), corroded, wreathed by umbra
A: fangs 3, regeneration 1, magic shield, antimagic bite, no potion heal 2
a: Renounce Religion, Shadow Step


You were on level 10 of the Dungeon.
You worshipped Dithmenos.
Dithmenos was pleased with you.
You visited 2 branches of the dungeon, and saw 10 of its levels.

You collected 561 gold pieces.

Inventory:

Hand Weapons
 b - the +8 trident of the Octopus King (weapon) {venom, rElec rPois}
   (You found it on level 7 of the Dungeon)

   rElec:     It insulates you from electricity.
   rPois:     It protects you from poison
 k - a +7 short sword of freezing
Missiles
 l - 2 throwing nets
 p - 16 poisoned darts (quivered)
Armour
 m - the +1 pair of boots of Failure (worn) {rN+ Int-4 Slay+5}
   (You found it on level 2 of the Dungeon)

   Int-4:     It affects your intelligence (-4).
   Slay+5:    It affects your accuracy & damage with ranged weapons and melee
   (+5).
   rN+:       It protects you from negative energy.
 s - the +1 leather armour of Lethargy {rElec rF- rCorr Str+2}
   (You found it on level 3 of the Dungeon)

   Str+2:     It affects your strength (+2).
   rF-:       It makes you vulnerable to fire.
   rElec:     It insulates you from electricity.
   rCorr:     It protects you from acid and corrosion.
 y - a +2 robe of positive energy
 z - a +3 leather armour of cold resistance (worn)
 D - a +0 cloak (worn)
Jewellery
 n - an amulet of reflection (around neck)
 v - an amulet of regeneration
Talismans
 c - a beast talisman
 d - a flux talisman
 h - a serpent talisman
Wands
 o - a wand of flame (15)
 A - a wand of polymorph (14)
 B - a wand of iceblast (6)
Scrolls
 q - a scroll of identify
 r - 2 scrolls of teleportation
 u - a scroll of blinking
 E - a scroll of vulnerability
Potions
 a - 3 potions of enlightenment
 e - 4 potions of invisibility
 f - 2 potions of curing
 g - a potion of mutation
 i - 3 potions of magic
 j - 3 potions of haste
 t - 3 potions of heal wounds {unknown}
 w - a potion of might {unknown}
 x - 4 potions of brilliance {unknown}
 C - a potion of degeneration {unknown}


   Skills:
 + Level 4.5 Fighting
 + Level 4.3 Dodging
 * Level 11.2 Unarmed Combat
 + Level 9.2 Shapeshifting


You had 9 spell levels left.
You didn't know any spells.
Your spell library contained the following spells:

 Spells                   Type           Power      Damage    Failure   Level
 Magic Dart               Conj           0%         1d3       50%         1
 Slow                     Hex            0%         N/A       50%         1
 Blink                    Tloc           0%         N/A       65%         2
 Call Imp                 Summ           0%         N/A       65%         2
 Jinxbite                 Hex            0%         N/A       65%         2
 Sublimation of Blood     Necr           0%         N/A       65%         2
 Confusing Touch          Hex            0%         N/A       86%         3
 Sigil of Binding         Hex            0%         N/A       86%         3
 Vampiric Draining        Necr           0%         2d6       86%         3
 Petrify                  Alch/Erth      0%         N/A       99%         4
 Irradiate                Conj/Alch      0%         3d11      100%        5
 Yara's Violent Unravell  Hex/Alch       0%         3d3       100%        5
 Enfeeble                 Hex            0%         N/A       100%        7


Dungeon Overview and Level Annotations

Branches:
Dungeon (8/15)             Temple (1/1) D:6            Lair (0/5) D:8

Altars:
Ashenzari
Cheibriados
Dithmenos
Elyvilon
Fedhas
Hepliaklqana
Kikubaaqudgha
Makhleb
Nemelex Xobeh
Qazlal
Sif Muna
Trog
Uskayaw
Vehumet
Xom
Yredelemnul
Zin
The Shining One


Innate Abilities, Weirdness & Mutations

You have razor-sharp teeth.
Your natural rate of healing is unusually fast.
When hurt, damage is shared between your health and your magic reserves.
Your bite disrupts and absorbs the magic of your enemies.
Potions cannot restore your health.


Message History

The kobold demonologist is heavily wounded.
The kobold brigand throws a poisoned dart.
The poisoned dart misses you.
The kobold demonologist hits you but does no damage.
The kobold brigand throws a poisoned dart.
The poisoned dart hits you!
You impale the kobold demonologist!!
The kobold demonologist is almost dead.
The kobold demonologist misses you. The kobold hits you but does no damage.
The acid dragon spits acid at you. The splash of acid hits you!!
Unknown command.
You closely miss the kobold demonologist.
Your bite misses the kobold demonologist.
The kobold demonologist is almost dead.
The kobold demonologist hits you with a +2 dagger of venom.
You are poisoned.
The kobold misses you. The acid dragon spits acid at you.
The splash of acid hits you! The acid corrodes you!
Unknown command.
You hit the kobold demonologist.
You kill the kobold demonologist!
Dithmenos accepts your kill.
The crimson imp disappears in a puff of smoke!
The shadow imp disappears in a puff of smoke!
The white imp disappears in a puff of smoke!
You feel very sick. The kobold barely misses you.
You block the acid dragon's attack.
The acid dragon claws you but does no damage.
The kobold hits you but does no damage. The acid dragon bites you.
* * * LOW HITPOINT WARNING * * *
The acid dragon claws you.
* * * LOW HITPOINT WARNING * * *
Magic courses through your body.
You feel sick.
A centaur comes into view.
The kobold misses you. The acid dragon spits acid at you.
The splash of acid hits you!!
You die...

##########. ####
#.......c.. ....§
#..........
...§.K#K.........
...).KD@......###
.....K#)......#
..... #.........
.... #..........
... #..........
.. ########.. .


You could see an acid dragon (catching breath), a kobold brigand, a centaur and
3 kobolds.

Vanquished Creatures
  Maurice (D:7)
  Joseph (D:8)
  2 kobold demonologists (D:10)
  A hornet (D:7)
  A yak (D:8)
  2 steam dragons
  Duvessa (D:4)
  Edmund (D:4)
  7 water moccasins
  The ghost of middlethird the Magician, an amateur VSIE of the Shining One (D:5)
  A sky beast (D:6)
  An orc warrior (D:8)
  An ice beast (D:6)
  A black bear (D:8)
  An ogre (D:7)
  3 centaurs
  A phantom (D:5)
  4 kobold brigands
  7 bullfrogs
  5 scorpions
  A gnoll sergeant (D:6)
  3 wights (D:6)
  Dowan (D:4)
  6 killer bees
  4 howler monkeys
  A jelly (D:7)
  2 orc priests (D:8)
  3 hounds
  2 bombardier beetles
  4 iguanas
  3 orc wizards (D:8)
  7 gnolls
  2 adders
  3 white imps
  2 ufetubi (D:6)
  A dart slug (D:1)
  16 orcs
  12 ball pythons
  3 bats
  7 endoplasms
  4 giant cockroaches
  4 goblins
  10 hobgoblins
  5 jackals
  7 kobolds
  3 quokkas
  4 frilled lizards
  4 rats
167 creatures vanquished.

Notes
Turn   | Place    | Note
-------+----------+-------------------------------------------
     0 | D:1      | TacoSundae the Vine Stalker Shapeshifter began the quest
                  | for the Orb.
     0 | D:1      | Reached XP level 1. HP: 9/9 MP: 2/2
   161 | D:1      | Reached XP level 2. HP: 14/14 MP: 3/3
   774 | D:2      | Reached XP level 3. HP: 17/17 MP: 2/4
   926 | D:2      | Identified the +1 pair of boots of Failure {rN+ Int-4
                  | Slay+5}
  1596 | D:3      | Found a faded altar of an unknown god.
  1633 | D:3      | Identified the +1 leather armour of Lethargy {rElec rF-
                  | rCorr Str+2}
  1683 | D:3      | Reached XP level 4. HP: 21/21 MP: 5/5
  1716 | D:3      | Reached skill level 4 in Unarmed Combat
  2059 | D:4      | Noticed Dowan
  2059 | D:4      | Noticed Duvessa
  2150 | D:4      | Found a glowing golden altar of the Shining One.
  2151 | D:4      | Noticed Edmund
  2192 | D:4      | Killed Edmund
  2193 | D:4      | Reached XP level 5. HP: 25/25 MP: 3/6
  2293 | D:4      | Reached skill level 5 in Unarmed Combat
  2293 | D:4      | Reached XP level 6. HP: 29/29 MP: 7/7
  2374 | D:4      | Reached skill level 5 in Shapeshifting
  2500 | D:4      | Killed Duvessa
  2501 | D:4      | Reached XP level 7. HP: 6/32 MP: 6/8
  2506 | D:4      | Killed Dowan
  2507 | D:4      | Reached skill level 6 in Unarmed Combat
  2760 | D:5      | Entered Level 5 of the Dungeon
  2761 | D:5      | Noticed a steam dragon
  2964 | D:5      | Gained mutation: You have razor-sharp teeth. [Vine Stalker
                  | growth]
  2964 | D:5      | Reached XP level 8. HP: 37/37 MP: 9/9
  2969 | D:5      | Reached skill level 7 in Unarmed Combat
  3368 | D:5      | Found a large runed translucent door.
  3369 | D:5      | Found a large runed translucent door.
  3371 | D:5      | Noticed middlethird's ghost (amateur VSIE)
  3694 | D:5      | Killed middlethird's ghost
  3695 | D:5      | Reached skill level 8 in Unarmed Combat
  3752 | D:6      | Found a staircase to the Ecumenical Temple.
  3769 | Temple   | Entered the Ecumenical Temple
  3790 | Temple   | Became a worshipper of Dithmenos the Shadowed
  4019 | D:6      | Reached XP level 9. HP: 39/40 MP: 8/10
  4225 | D:6      | Reached skill level 1 in Fighting
  4625 | D:6      | Reached skill level 9 in Unarmed Combat
  4808 | D:7      | Reached * piety under Dithmenos
  4874 | D:7      | Noticed Maurice
  4890 | D:7      | Maurice stole 420 gold
  4895 | D:7      | Maurice stole 2 throwing nets
  4897 | D:7      | Killed Maurice
  4899 | D:7      | Noticed a hornet
  4905 | D:7      | Killed a hornet
  4924 | D:7      | Found the +8 trident of the Octopus King {venom, rElec
                  | rPois}
  4931 | D:7      | Found a white marble altar of Elyvilon.
  5223 | D:7      | Found a blossoming altar of Fedhas.
  5224 | D:7      | Found a sparkling altar of Nemelex Xobeh.
  5443 | D:8      | Reached skill level 10 in Unarmed Combat
  5443 | D:8      | Reached XP level 10. HP: 49/49 MP: 11/11
  5472 | D:8      | Found a glowing silver altar of Zin.
  5479 | D:8      | Found a staircase to the Lair.
  5493 | D:8      | Reached ** piety under Dithmenos
  5521 | D:8      | Noticed Joseph
  5532 | D:8      | Killed Joseph
  5811 | D:8      | You fall into a shaft and drop 2 floors!
  5811 | D:10     | Entered Level 10 of the Dungeon
  5815 | D:10     | Noticed a kobold demonologist
  5817 | D:10     | Noticed a kobold demonologist
  5819 | D:10     | Noticed an orange demon
  5827 | D:10     | Killed a kobold demonologist
  5828 | D:10     | Reached skill level 11 in Unarmed Combat
  5835 | D:10     | Killed a kobold demonologist
  5836 | D:10     | Killed from afar by an acid dragon

Illustrated notes

Levels and vault maps discovered:
D:1:      dpeg_arrival_short_road, layout_loops_ring
D:2:      layout_basic, wander_ebering_terrifying_dragon_lair
D:3:      layout_loops_corners, shapermc_ecumenical_altar_venn, minmay_between
D:4:      layout_rooms, lemuel_tele_altar, uniq_edmund, uniq_duvessa
D:5:      layout_loops_ring, ebering_ghost_disaster_area,
          grunt_decor_one_mirror, chequers_garden
D:6:      layout_gridville, minmay_temple_entry_glass
D:7:      layout_cave_pools, minitemple, kennysheep_diamond, uniq_maurice
D:8:      layout_basic, lemuel_round_altar, mainiacjoe_overflow_alcove_4,
          due_lair_maze_entry_diamond, st_stairs_6, uniq_joseph
D:10:     layout_stronghold, jmf_multi_god_temple2, hellmonk_ghost_big_iron,
          nicolae_fountain_basement
Temple:   nicolae_temple_bog_church

Skill      XL: |  1  2  3  4  5  6  7  8  9 10 |
---------------+-------------------------------+-----
Unarmed Combat | 4 5 6 8 10 11 | 11.2
Shapeshifting  | 4 5 6 7 8 9 |  9.2
Fighting       | 3 4 |  4.5
Dodging        | 3 4 |  4.3

Action                     |  1- 3 |  4- 6 |  7- 9 | 10-12 || total
---------------------------+-------+-------+-------+-------++-------
  Melee: Unarmed           |    82 |    69 |    42 |       ||   193
         Bite              |    13 |    12 |    61 |    25 ||   111
         Punch             |     1 |     2 |     3 |     6 ||    12
         Short sword       |       |       |   125 |       ||   125
         Trident           |       |       |    25 |   102 ||   127
  Throw: Dart              |       |     3 |     1 |       ||     4
Ability: Begin Untransform |     2 |       |       |       ||     2
  Evoke: Wand              |       |       |     2 |       ||     2
    Use: Potion            |       |     2 |     2 |     1 ||     5
         Scroll            |       |       |    12 |       ||    12
   Stab: Sleeping          |     1 |       |     2 |       ||     3
         Invisible         |       |     3 |     2 |       ||     5
 Armour: Animal skin       |    14 |       |       |       ||    14
         Leather armour    |    27 |    19 |   117 |    61 ||   224
         Skin              |       |    16 |     1 |       ||    17
  Dodge: Dodged            |    35 |    22 |    94 |    63 ||   214
  Block: Other             |     4 |    12 |    32 |    18 ||    66
         Reflection        |       |       |     2 |     2 ||     4
   Form: Beast             |     1 |       |       |       ||     1
